 Dungeon Crawl Stone Soup version 0.20.1-1-g8b1a95d (webtiles) character file.

1379 equalderp2856 the Chopper (level 8, -3/71 HPs)
             Began as a Minotaur Fighter on Oct 24, 2017.
             Slain by an orc warrior
             ... wielding a +0 long sword
              (15 damage)
             ... on level 7 of the Dungeon.
             The game lasted 00:05:49 (5064 turns).

equalderp2856 the Chopper (Minotaur Fighter)        Turns: 5064, Time: 00:05:50

Health: -3/71      AC:  7    Str: 21    XL:     8   Next: 39%
Magic:  7/7        EV:  9    Int:  5    God:
Gold:   142        SH: 10    Dex: 12    Spells: 7/7 levels left

rFire    . . .     SeeInvis .   a - +0 war axe
rCold    . . .     Gourm    .   c - +0 shield
rNeg     . . .     Faith    .   b - +0 scale mail
rPois    .         Spirit   .   (helmet restricted)
rElec    .         Reflect  .   (no cloak)
rCorr    .         Harm     .   (no gloves)
MR       .....                  (no boots)
Stlth    ..........             (no amulet)
Regen    0.3/turn               (no ring)
MPRegen  0.1/turn               (no ring)

@: no status effects
A: retaliatory headbutt, horns 2
a: no special abilities


You were on level 7 of the Dungeon.
You were near starving.

You visited 1 branch of the dungeon, and saw 7 of its levels.

You collected 207 gold pieces.
You spent 65 gold pieces at shops.

Inventory:

Hand Weapons
 a - a +0 war axe (weapon)
 u - a +0 trident
Armour
 b - a +0 scale mail (worn)
 c - a +0 shield (worn)
Jewellery
 w - a +3 ring of dexterity {unknown}
 C - an uncursed ring of wizardry {unknown}
Wands
 B - a wand of lightning (5/15)
Scrolls
 i - 2 scrolls of enchant weapon {unknown}
 j - a scroll of blinking {unknown}
 l - 10 scrolls of identify
 m - 2 scrolls of magic mapping {unknown}
 n - a scroll of enchant armour {unknown}
 p - 2 scrolls of random uselessness {unknown}
 s - a scroll of teleportation {unknown}
 x - 3 scrolls of remove curse {unknown}
 y - 5 scrolls of noise
 A - 2 scrolls of recharging {unknown}
 E - a scroll of fog
Potions
 d - a potion of might
 e - a potion of degeneration {unknown}
 g - a potion of heal wounds {unknown}
 h - 3 potions of curing {unknown}
 k - a potion of ambrosia {unknown}
 o - a potion of magic {unknown}
 q - a potion of invisibility {unknown}
 r - a potion of flight {unknown}
 v - a potion of haste {unknown}
 z - a potion of lignification {unknown}
 D - a potion of mutation {unknown}
Comestibles
 f - 8 bread rations
 t - 3 fruits
 F - a royal jelly
 G - a meat ration


   Skills:
 + Level 6.8 Fighting
 + Level 7.8 Axes
 + Level 6.8 Armour
 + Level 2.3 Dodging
 + Level 0.1 Stealth
 + Level 5.8 Shields


You had 7 spell levels left.
You didn't know any spells.

Dungeon Overview and Level Annotations

Branches:
Dungeon (7/15)
 Temple: D:4-7

Altars:
Elyvilon
Fedhas
Gozag
Hepliaklqana
Xom

Shops:
D:5 ?


Innate Abilities, Weirdness & Mutations

You reflexively headbutt those who attack you in melee.
You have a pair of horns on your head.


Message History

The orc warrior is lightly wounded.
The orc warrior hits you with a long sword.
Your shield and scale mail prevent you from hitting the orc warrior.
The orc warrior is lightly wounded.
You hit the orc warrior but do no damage.
The orc warrior is lightly wounded.
You block the orc warrior's attack.
The orc warrior hits you with a long sword!
* * * LOW HITPOINT WARNING * * *
Your shield and scale mail prevent you from hitting the orc warrior.
The orc warrior is lightly wounded.
The orc warrior hits you but does no damage.
You hit the orc warrior but do no damage.
Your headbutt misses the orc warrior.
The orc warrior is lightly wounded.
The orc warrior hits you with a long sword!
* * * LOW HITPOINT WARNING * * *
Found a whip.
The orc warrior hits you with a long sword!
You die...

###########
#..?..(...#
#.........#
##.........#
.......<...#
#..........#
#..........########
########....o.....#
##...@.....#
#........)#
#.........#
......######
#....### #....#
#....# #....


You could see an orc warrior.

Vanquished Creatures
  A hippogriff (D:4)
  Sigmund (D:4)
  A wyvern (D:4)
  An ice beast (D:6)
  A phantom (D:4)
  An ogre (D:4)
  A centaur zombie (D:5)
  2 crimson imps
  A jelly (D:5)
  3 orc wizards
  Terence (D:2)
  An iguana (D:4)
  4 worker ants (D:4)
  A hound skeleton (D:5)
  A worker ant zombie (D:4)
  5 gnolls
  A howler monkey skeleton (D:6)
  6 adders
  2 shadow imps (D:5)
  2 oozes (D:1)
  3 worms
  An adder zombie (D:6)
  5 dart slugs
  5 leopard geckos
  7 orcs
  6 bats
  4 giant cockroaches
  10 goblins
  4 hobgoblins
  4 jackals
  4 frilled lizards
  A giant cockroach zombie (D:5)
  9 kobolds
  8 rats
108 creatures vanquished.

Notes
Turn   | Place    | Note
-------+----------+-------------------------------------------
     0 | D:1      | equalderp2856 the Minotaur Fighter began the quest for the Orb.
     0 | D:1      | Reached XP level 1. HP: 19/19 MP: 0/0
    61 | D:1      | Reached XP level 2. HP: 17/27 MP: 1/1
   564 | D:1      | Reached skill level 3 in Axes
   564 | D:1      | Reached XP level 3. HP: 30/33 MP: 2/2
  1062 | D:1      | Reached XP level 4. HP: 37/40 MP: 3/3
  1140 | D:2      | Noticed Terence
  1151 | D:2      | Killed Terence
  1151 | D:2      | Reached skill level 4 in Axes
  1151 | D:2      | Reached skill level 1 in Dodging
  1635 | D:2      | Reached XP level 5. HP: 40/46 MP: 4/4
  1794 | D:3      | Found a hazy altar of Hepliaklqana.
  2539 | D:4      | Noticed a hippogriff
  2541 | D:4      | Noticed Sigmund
  2550 | D:4      | Killed a hippogriff
  2550 | D:4      | Reached skill level 5 in Fighting
  2550 | D:4      | Reached skill level 5 in Axes
  2550 | D:4      | Reached skill level 5 in Shields
  2550 | D:4      | Reached XP level 6. HP: 7/56 MP: 5/5
  2550 | D:4      | HP: 1/56 [something (6)]
  2557 | D:4      | HP: 1/56 [something/magic dart (1)]
  2567 | D:4      | HP: 2/56 [something (1)]
  2572 | D:4      | HP: 2/56 [fell downstairs (1)]
  2890 | D:4      | Killed Sigmund
  2890 | D:4      | Reached skill level 5 in Armour
  2890 | D:4      | Reached XP level 7. HP: 39/61 MP: 6/6
  3224 | D:4      | Noticed a wyvern
  3231 | D:4      | Killed a wyvern
  3231 | D:4      | Reached skill level 6 in Axes
  3576 | D:4      | Reached XP level 8. HP: 71/71 MP: 7/7
  3809 | D:5      | Entered Level 5 of the Dungeon
  3983 | D:5      | Found a blossoming altar of Fedhas.
  3983 | D:5      | Found a shimmering altar of Xom.
  4023 | D:5      | Found an opulent altar of Gozag.
  4039 | D:5      | Reached skill level 7 in Axes
  4280 | D:5      | Found Bocleshroy's Magic Scroll Boutique.
  4286 | D:5      | Bought a scroll of fog for 26 gold pieces
  4286 | D:5      | Bought a scroll of noise for 13 gold pieces
  4286 | D:5      | Bought a scroll of identify for 26 gold pieces
  5009 | D:6      | Found a white marble altar of Elyvilon.
  5064 | D:7      | Slain by an orc warrior

Skill      XL: |  1  2  3  4  5  6  7  8 |
---------------+-------------------------+-----
Fighting       | 4 5 6 |  6.8
Armour         | 4 5 6 |  6.8
Axes           | 3 4 5 6 7 |  7.8
Shields        | 4 5 |  5.8
Dodging        | 1 2 |  2.3
Stealth        | |  0.1

Action                   |  1- 3 |  4- 6 |  7- 9 || total
-------------------------+-------+-------+-------++-------
Melee: War axe           |    78 |   113 |   140 ||   331
       Headbutt          |     6 |    19 |    28 ||    53
  Eat: Royal jelly       |       |     1 |       ||     1
       Chunk             |       |     3 |     7 ||    10
Armor: Scale mail        |    35 |    19 |    37 ||    91
Dodge: Dodged            |    31 |    30 |    41 ||   102
Block: Shield            |    42 |    51 |    59 ||   152
